 Dungeon Crawl Stone Soup version 0.31-a0-217-g58bb5d79cf (webtiles) character file.

Game seed: 11391365429506975486

19586 CannotBeFrozen the Fencer (level 12, 0/94 HPs)
             Began as a Demigod Warper on July 2, 2023.
             Succumbed to Sonja's poison
             ... on level 2 of the Lair of Beasts on July 3, 2023.
             The game lasted 01:00:28 (18716 turns).

CannotBeFrozen the Fencer (Demigod Warper)         Turns: 18716, Time: 01:00:29

Health: 0/94       AC:  8    Str: 20    XL:     12   Next: 10%
Magic:  19/20      EV: 13    Int: 19    God:
Gold:   727        SH:  0    Dex: 21    Spells: 6/17 levels left

rFire   + . .        a - +6 great sword of the Tundras {spect, Drain rCorr Str+4}
rCold   + . .        (shield currently unavailable)
rNeg    . . .        C - +2 leather armour {rF+}
rPois   .            v - +1 helmet
rElec   .            (no cloak)
rCorr   +            m - +0 pair of gloves
SInv    .            (no boots)
Will    +....        D - amulet of magic regeneration
Stlth   ++           k - ring of protection from cold
HPRegen 0.35/turn    K - ring of resist corrosion
MPRegen 0.57/turn

%: no passive effects
@: lethally poisoned (0 -> -24), on blink cooldown, slowed, very slow
A: high MP 1, forlorn, divine attributes
a: no special abilities


You were on level 2 of the Lair of Beasts.
You visited 2 branches of the dungeon, and saw 12 of its levels.
You also visited: Sewer.

You collected 980 gold pieces.
You spent 253 gold pieces at shops.

Inventory:

Hand Weapons
 a - the +6 great sword of the Tundras (weapon) {spect, Drain rCorr Str+4}
   (You bought it in a shop on level 3 of the Dungeon)

   Str:       It affects your strength (+4).
   rCorr:     It protects you from acid and corrosion.
   Drain:     It drains your maximum health when unequipped.
 b - a +5 dagger of venom
 n - a +2 dagger of flaming
 R - the +4 dagger of Tartarus {flame, rPois rF+}
   (You found it on level 2 of the Lair of Beasts)

   rF:        It protects you from fire.
   rPois:     It protects you from poison.
Missiles
 d - 7 boomerangs of dispersal {=f=F}
 e - 10 boomerangs
 w - 6 poisoned darts
Armour
 m - a +0 pair of gloves (worn)
 v - a +1 helmet (worn)
 B - a +0 troll leather armour
 C - a +2 leather armour of fire resistance (worn)
Jewellery
 c - a ring of ice
 k - a ring of protection from cold (left hand)
 r - an amulet of the acrobat
 x - a ring of flight
 D - an amulet of magic regeneration (around neck)
 K - a ring of resist corrosion (right hand)
 L - a ring of ice
 N - a ring of protection from cold
Wands
 h - a wand of flame (17)
 G - a wand of roots (1)
 P - a wand of mindburst (2)
Scrolls
 i - a scroll of teleportation {@r2}
 j - 2 scrolls of vulnerability
 y - a scroll of fog
 A - 2 scrolls of immolation
 E - 2 scrolls of enchant armour
 M - a scroll of enchant weapon
 O - a scroll of identify {@r1}
 Q - a scroll of fear
Potions
 f - 3 potions of curing {@q1}
 l - a potion of magic
 o - 3 potions of brilliance
 p - 2 potions of attraction
 q - 2 potions of heal wounds {@q2}
 s - a potion of resistance
 t - a potion of cancellation
 u - 2 potions of enlightenment
 z - a potion of might
 F - a potion of lignification
 H - 2 potions of mutation
 I - a potion of ambrosia
 J - a potion of haste


   Skills:
 - Level 5.0 Fighting
 + Level 15.3 Long Blades
 - Level 2.0 Throwing
 - Level 3.0 Armour
 - Level 3.0 Dodging
 - Level 3.0 Spellcasting
 + Level 9.3 Translocations


You had 6 spell levels left.
You knew the following spells:

 Your Spells              Type           Power      Damage    Failure   Level
b - Lesser Beckoning      Tloc           76%        N/A       1%          2
m - Manifold Assault      Tloc           38%        N/A       3%          4
o - Teleport Other        Tloc           38%        N/A       1%          3
z - Blink                 Tloc           76%        N/A       1%          2

Your spell library contained the following spells:

 Spells                   Type           Power      Damage    Failure   Level
 Apportation              Tloc           76%        N/A       1%          1
 Momentum Strike          Conj/Tloc      40%        3d9       4%          2
 Vhi's Electric Charge    Tloc/Air       40%        N/A       8%          3
 Foxfire                  Conj/Fire      8%         2x1d4     17%         1
 Magic Dart               Conj           8%         1d3       17%         1
 Necrotise                Necr           8%         1d4       17%         1
 Summon Small Mammal      Summ           8%         N/A       17%         1
 Call Imp                 Summ           4%         N/A       26%         2
 Ensorcelled Hibernation  Hex/Ice        4%         N/A       26%         2
 Passwall                 Tmut/Erth      1%         N/A       26%         2
 Poisonous Vapours        Pois/Air       4%         N/A       26%         2
 Sublimation of Blood     Necr           2%         N/A       26%         2
 Inner Flame              Hex/Fire       2%         N/A       45%         3
 Mephitic Cloud           Conj/Pois/Air  2%         N/A       45%         3
 Spider Form              Tmut/Pois      2%         N/A       45%         3
 Summon Guardian Golem    Hex/Summ       2%         N/A       45%         3
 Swiftness                Air            2%         N/A       45%         3
 Petrify                  Tmut/Erth      2%         N/A       86%         4
 Freezing Cloud           Conj/Ice/Air   1%         6-21      99%         5
 Irradiate                Conj/Tmut      1%         3d12      99%         5
 Metabolic Englaciation   Hex/Ice        1%         N/A       99%         5
 Disjunction              Tloc           19%        N/A       100%        8


Dungeon Overview and Level Annotations

Branches:
Dungeon (10/15)            Temple (0/1) D:5            Lair (2/5) D:10
  Swamp (0/4) Lair:2        Sewer (visited)
  Snake: Lair:2-3    Spider: Lair:2-3       Orc: D:9-12

Shops:
D:3 (   D:4 =   D:5 (=[*[   D:7 (   D:9 [

Annotations:
D:6 3 runed translucent doors, gyole's ghost, weakling KoDe
D:7 1 runed translucent door, Opifex's ghost, novice DsFi
Lair:1 2 transporters
Lair:2 Sonja


Innate Abilities, Weirdness & Mutations

You have an increased reservoir of magic. (+10% MP)
You shall have no god before yourself.
Your divine heritage dramatically boosts your attributes as you level up.


Message History

You closely miss Sonja.
Sonja is lightly wounded.
Your +6 great sword of the Tundras {spect, Drain rCorr Str+4} completely misses Sonja.
You feel extremely sick.
Sonja hits you with a +2 dagger of venom.
* * * LOW HITPOINT WARNING * * *
You are lethally poisoned!
Sonja hits you but does no damage.
You are more poisoned.
Sonja hits you with a +2 dagger of venom.
* * * LOW HITPOINT WARNING * * *
You are more poisoned.
Sonja closely misses you. Sonja hits you but does no damage.
You are more poisoned.
Sonja closely misses you.
HP: 29/94 (-20) ===--------- !!
You miss Sonja.
Sonja is lightly wounded.
Your +6 great sword of the Tundras {spect, Drain rCorr Str+4} hits Sonja!
* * * LOW HITPOINT WARNING * * *
You feel extremely sick. Sonja closely misses you.
Sonja misses you. x2; Sonja barely misses you.
Sonja completely misses you. Sonja barely misses you.
HP: 11/94 (-18) =----------- !
You feel better.
Your +6 great sword of the Tundras {spect, Drain rCorr Str+4} disappears.
Sonja hits you with a +2 dagger of venom.
* * * LOW HITPOINT WARNING * * *
You are lethally poisoned!
Sonja hits you but does no damage.
You are more poisoned.
Sonja barely misses you. Sonja hits you but does no damage. x2
Sonja hits you with a +2 dagger of venom.
* * * LOW HITPOINT WARNING * * *
HP: 9/94 (-2) =-----------
Okay, then.
Casting: Manifold Assault (dangerous; 3% risk of failure)
Confirm with . or Enter, or press ? or * to list all spells.
You blink.
You die...

#....##..#...#.....####........
## ##..####..........P#
###.....#
..####.#.###.P.......###
##..... #....#<.##.........†.#
#...... ##..................##
#..#P.#
#...####.P.###P......####
#..###..
.....#....##.#..........# ..#
##. ......#...##...#...:.#.....
.....#.......#...@...##.##.
.....#................###
....##.....#.#...#...##
....####..#.#..K###.#.#
.....###......§.# #...#
#.#........#...## #...#
######......##..# ......
#.....###... P#P... #.....#
#..#P #...


You could see Sonja.

Vanquished Creatures
  Fannar (D:10)
  A boulder beetle (D:9)
  A death yak (Lair:2)
  Pikel (D:4)
  A wizard (D:9)
  A deep elf pyromancer (D:9)
  An ugly thing (D:9)
  A torpor snail (Lair:2)
  2 cane toads (Lair:1)
  5 komodo dragons
  Psyche (D:9)
  A komodo dragon (shapeshifter) (D:9)
  A kobold demonologist (D:10)
  A freezing wraith (D:9)
  2 trolls (D:10)
  Grinder (D:3)
  Prince Ribbit (D:5)
  A slime creature (D:9)
  9 blink frogs
  Sigmund (D:5)
  3 wyverns
  11 yaks
  4 steam dragons
  6 vampire mosquitoes (Lair:2)
  A basilisk (Lair:2)
  2 acid dragons
  7 water moccasins
  2 sky beasts
  An ice beast (D:5)
  6 black bears
  3 ogres
  A centaur (D:10)
  15 wolves (Lair:1)
  A phantom (D:5)
  2 gnoll sergeants (D:9)
  A kobold brigand (D:10)
  10 bullfrogs
  3 scorpions
  11 wights
  10 killer bees (D:9)
  A jelly (D:6)
  3 howler monkeys (D:10)
  3 hounds
  7 orc priests
  Jessica (D:3)
  Natasha (thrice) (D:3)
  3 iguanas
  9 orc wizards
  A sleepcap (D:8)
  7 hell rats (Lair:1)
  A centaur simulacrum (D:9)
  Robin (D:4)
  15 adders
  10 gnolls
  2 white imps
  A dart slug (D:2)
  3 worms
  26 orcs
  11 bats
  10 endoplasms
  11 giant cockroaches
  17 goblins
  9 hobgoblins
  11 quokkas
  9 ball pythons
  9 frilled lizards
  15 kobolds
  4 rats (D:2)
  A spectral weapon (D:10)
338 creatures vanquished.

Notes
Turn   | Place    | Note
-------+----------+-------------------------------------------
     0 | D:1      | CannotBeFrozen the Demigod Warper began the quest for the
                  | Orb.
     0 | D:1      | Reached XP level 1. HP: 17/17 MP: 5/5
   184 | D:1      | Reached skill level 2 in Long Blades
   715 | D:1      | Reached XP level 2. HP: 21/24 MP: 7/7
   828 | D:1      | Learned a level 2 spell: Blink
   958 | D:1      | Got Plato's Reference Book on the Volcano
  1713 | D:2      | Reached skill level 3 in Long Blades
  2221 | D:2      | Reached XP level 3. HP: 29/29 MP: 8/8
  2830 | D:3      | Noticed Natasha
  2837 | D:3      | Killed Natasha
  2838 | D:3      | Reached skill level 4 in Long Blades
  2863 | D:3      | Noticed Grinder
  2873 | D:3      | Paralysed by Grinder for 3 turns
  3093 | D:3      | Noticed Jessica
  3107 | D:3      | Reached XP level 4. HP: 27/36 MP: 9/9
  3112 | D:3      | Killed Jessica
  3150 | D:3      | Noticed Natasha
  3167 | D:3      | Killed Natasha
  3168 | D:3      | Reached skill level 1 in Armour
  3234 | D:3      | Killed Grinder
  3235 | D:3      | Reached XP level 5. HP: 24/41 MP: 10/10
  3235 | D:3      | Reached XP level 6. HP: 29/48 MP: 11/11
  3252 | D:3      | Found a glowing drain.
  3261 | Sewer    | Entered a sewer
  3440 | Sewer    | Learned a level 2 spell: Lesser Beckoning
  3444 | Sewer    | Learned a level 3 spell: Teleport Other
  4206 | Sewer    | Reached skill level 5 in Long Blades
  4339 | Sewer    | Got the Opusculum on the Excursion and the Evil Eye
  4556 | D:3      | Noticed Natasha
  4582 | D:3      | Killed Natasha
  4745 | D:3      | Found Niguohei's Antique Weapon Shop.
  5329 | D:4      | Reached XP level 7. HP: 58/58 MP: 13/13
  5368 | D:4      | Noticed Robin
  5390 | D:4      | Killed Robin
  5970 | D:4      | Found Botenkul's Jewellery Shop.
  6125 | D:4      | Noticed Pikel
  6158 | D:4      | Killed Pikel
  6159 | D:4      | Reached skill level 7 in Long Blades
  6159 | D:4      | Reached XP level 8. HP: 18/66 MP: 10/14
  6417 | D:5      | Entered Level 5 of the Dungeon
  6744 | D:5      | Reached skill level 1 in Throwing
  6867 | D:3      | Bought a bloodstained great sword for 253 gold pieces
  6867 | D:3      | Identified the +6 great sword of the Tundras {spect, Drain
                  | rCorr Str+4} (You bought it in a shop on level 3 of the
                  | Dungeon)
  6972 | D:5      | Reached skill level 8 in Long Blades
  7168 | D:5      | Noticed Sigmund
  7181 | D:5      | Killed Sigmund
  7234 | D:5      | Found Umiupnemp's Jewellery Shoppe.
  7254 | D:5      | Found Zeuppe's General Store.
  7281 | D:5      | Found Zuklecet's Antique Armour Emporium.
  7282 | D:5      | Noticed Prince Ribbit
  7298 | D:5      | Killed Prince Ribbit
  7299 | D:5      | Reached skill level 9 in Long Blades
  7493 | D:5      | Found Raeqoger's Weapon Emporium.
  7567 | D:5      | Found Fiugruib's Armour Shoppe.
  7712 | D:5      | Found a staircase to the Ecumenical Temple.
  7831 | D:6      | Reached skill level 10 in Long Blades
  7836 | D:6      | Reached XP level 9. HP: 58/71 MP: 15/15
  8207 | D:6      | Found a runed translucent gate.
  8212 | D:6      | Found a runed translucent gate.
  8215 | D:6      | Found a runed translucent gate.
  8369 | D:6      | Noticed gyole's ghost (weakling KoDe)
  8767 | D:6      | Reached skill level 11 in Long Blades
  9272 | D:7      | Found Urheidel's Weapon Shop.
  9283 | D:7      | Learned a level 4 spell: Manifold Assault
  9892 | D:7      | Found a runed translucent door.
  9893 | D:7      | Noticed Opifex's ghost (novice DsFi)
 11108 | D:9      | Reached skill level 12 in Long Blades
 11312 | D:9      | Noticed a boulder beetle
 11312 | D:9      | Noticed a salamander
 11312 | D:9      | Noticed a wizard
 11314 | D:9      | Noticed a brown ugly thing
 11330 | D:9      | Killed a wizard
 11331 | D:9      | Reached skill level 5 in Translocations
 11331 | D:9      | Reached XP level 10. HP: 31/78 MP: 17/17
 11339 | D:9      | Killed a boulder beetle
 11344 | D:9      | a tarantella changed into an elephant
 11344 | D:9      | Noticed an elephant (shapeshifter)
 11640 | D:9      | Noticed a deep elf pyromancer
 11874 | D:9      | Noticed an orc knight
 12096 | D:9      | Noticed Psyche
 12105 | D:9      | Killed Psyche
 12156 | D:9      | Found Geunej's Armour Boutique.
 12264 | D:9      | Reached skill level 13 in Long Blades
 12310 | D:9      | Got the Discourse on the Viridian Volcano
 12319 | D:9      | Identified the +6 rapier of Turmoil {heavy, rN+ rCorr}
 12472 | D:9      | Reached skill level 5 in Fighting
 12659 | D:9      | Killed a deep elf pyromancer
 12699 | D:9      | Killed a brown ugly thing
 12889 | D:10     | Entered Level 10 of the Dungeon
 13032 | D:10     | Noticed Fannar
 13039 | D:10     | Killed Fannar
 13256 | D:10     | Reached XP level 11. HP: 81/86 MP: 19/19
 13725 | D:10     | Found a staircase to the Lair.
 14157 | D:10     | Reached skill level 14 in Long Blades
 14695 | Lair:1   | Entered Level 1 of the Lair of Beasts
 14696 | Lair:1   | Upgraded the game from 0.31-a0-216-g22e908daa7 to
                  | 0.31-a0-217-g58bb5d79cf
 16336 | Lair:1   | Noticed a boulder beetle
 16829 | Lair:1   | Reached skill level 15 in Long Blades
 16964 | Lair:1   | Found a transporter.
 16966 | Lair:1   | Found a transporter.
 16966 | Lair:1   | Noticed a boulder beetle
 17621 | Lair:2   | Noticed a death yak
 17657 | Lair:2   | Killed a death yak
 17735 | Lair:2   | Found a staircase to the Swamp.
 17746 | Lair:2   | Reached XP level 12. HP: 58/94 MP: 4/20
 18663 | Lair:2   | Identified the +4 dagger of Tartarus {flame, rPois rF+}
 18706 | Lair:2   | Noticed Sonja
 18716 | Lair:2   | Succumbed to Sonja's poison

Illustrated notes

Levels and vault maps discovered:
D:1:      nicolae_arrival_somewhat_less_tricky_arrival, layout_basic,
          shapermc_ecumenical_altar_rom_forum
D:2:      layout_loops_corners
D:3:      layout_basic, serial_shops, shop, gup_sewer_entry_glass,
          chequers_big_river, uniq_grinder, uniq_jessica, uniq_natasha
D:4:      layout_loops_corners, serial_shops, nicolae_square_shop, uniq_pikel,
          uniq_robin
D:5:      layout_rooms, grunt_temple_overflow_growth_and_decay, temple_hall,
          serial_shops, nicolae_shop_stone, nicolae_shop_scrapyard,
          nicolae_shop_tiny_waterfront, nicolae_shop_getting_attention, shop,
          abandoned_shop, uniq_sigmund, uniq_prince_ribbit1
D:6:      layout_basic, biasface_ghost_orc_armoury
D:7:      layout_cave_pods, ebering_ghost_reflecting_pool, serial_shops, shop
D:8:      layout_basic, nicolae_overflow_hallway_of_the_gods
D:9:      minmay_the_grid_net [minmay_the_grid_fan, minmay_the_grid_garden,
          minmay_the_grid_stretched_grid, minmay_the_grid_armoury,
          minmay_the_grid_dragon_a, minmay_the_grid_prize_big_room],
          layout_loops_cross, serial_shops, shop,
          hangedman_abyss_or_decor_lesser_grid, uniq_psyche
D:10:     layout_loops_ring, lemuel_round_altar, due_lair_maze_entry_diamond,
          uniq_fannar
Lair:1:   gammafunk_boulding_lane, layout_layer_cave, grunt_megastairs_4
Lair:2:   layout_layer_cave, minmay_swamp_entry_swarm,
          chequers_serial_rivers_large_b, dreamdust_mushroom_princess,
          uniq_sonja

Skill      XL: |  1  2  3  4  5  6  7  8  9 10 11 |
---------------+----------------------------------+-----
Long Blades    | 2 3 4 5 7 10 12 13 15 | 15.3
Armour         | 2 3 |  3.0
Fighting       | 2 3 4 5 |  5.0
Dodging        | 2 3 |  3.0
Spellcasting   | 2 3 |  3.0
Translocations | 4 5 9 |  9.3
Throwing       | 2 |  2.0

Action                     |  1- 3 |  4- 6 |  7- 9 | 10-12 || total
---------------------------+-------+-------+-------+-------++-------
  Melee: Falchion          |   181 |     2 |       |       ||   183
         Unarmed           |    10 |       |       |       ||    10
         Dagger            |       |   188 |    85 |       ||   273
         Punch             |       |     1 |     1 |       ||     2
         Great sword       |       |       |   158 |   342 ||   500
  Throw: Dart              |     9 |     7 |    23 |       ||    39
         Boomerang         |       |       |    12 |     6 ||    18
   Cast: Blink             |       |     1 |     3 |     8 ||    12
         Lesser Beckoning  |       |     4 |     1 |     2 ||     7
         Manifold Assault  |       |       |     1 |    40 ||    41
  Evoke: Wand              |       |     1 |     3 |     4 ||     8
    Use: Potion            |     2 |     1 |       |     2 ||     5
         Scroll            |       |     8 |     5 |     8 ||    21
   Stab: Sleeping          |     1 |       |     1 |     2 ||     4
         Distracted        |       |       |     1 |     2 ||     3
 Armour: Leather armour    |    25 |       |       |    62 ||    87
         Ring mail         |    41 |    50 |    38 |       ||   129
         Steam dragon scal |       |       |    27 |    11 ||    38
  Dodge: Dodged            |   117 |    89 |   132 |   228 ||   566

Table legend: (Time is in decaauts)
 A = Elapsed time spent in this place.
 B = Non-inter-level travel time spent in this place.
 C = Inter-level travel time spent in this place.
 D = Time resting spent in this place.
 E = Time spent auto-exploring this place.
 F = Levels seen in this place.
 G = Mean time per level.
                   A        B        C        D        E       F      G
               +--------+--------+--------+--------+--------+-----+--------+
         Total |  18839 |  18122 |    717 |   5490 |   8354 |  13 | 1449.2 |
       Dungeon |  13928 |  13236 |    692 |   3437 |   6616 |  10 | 1392.8 |
          Lair |   3626 |   3601 |     25 |   1353 |   1578 |   2 | 1813.0 |
         Sewer |   1284 |   1284 |      0 |    700 |    160 |   1 | 1284.0 |
               +--------+--------+--------+--------+--------+-----+--------+

Top non-repeatable levels by time:
  Lair:1: 2438 daAuts
     D:9: 2019 daAuts
    D:10: 1852 daAuts
     D:2: 1673 daAuts
     D:4: 1518 daAuts
     D:6: 1485 daAuts
     D:3: 1292 daAuts
   Sewer: 1284 daAuts
     D:1: 1193 daAuts
  Lair:2: 1187 daAuts
     D:8: 1099 daAuts
     D:5: 903 daAuts
     D:7: 889 daAuts
